 Dungeon Crawl Stone Soup version 0.31.0-12-g77e489cdc1 (webtiles) character file.

Game seed: 17236868530331394035

95 Silvore the Trooper (level 4, -7/35 HPs)
             Began as a Demonspawn Fighter on Feb 16, 2024.
             Killed by divine providence
             ... invoked by an orc priest
              (9 damage)
             ... on level 3 of the Dungeon.
             The game lasted 00:02:06 (2118 turns).

Silvore the Trooper (Demonspawn Fighter)            Turns: 2118, Time: 00:02:07

Health: -7/35      AC:  9    Str: 18    XL:     4   Next: 39%
Magic:  4/4        EV: 10    Int:  9    God:
Gold:   119        SH:  4    Dex: 12    Spells: 3/3 levels left

rFire   . . .        a - +0 long sword
rCold   . . .        c - +0 buckler
rNeg    . . .        b - +0 scale mail
rPois   .            m - +0 helmet
rElec   .            (no cloak)
rCorr   .            (no gloves)
SInv    .            h - +0 pair of boots
Will    .....        (no amulet) Stlth
                     (no ring)
HPRegen 0.25/turn    (no ring)
MPRegen 0.18/turn

%: no passive effects
@: mighty
A: magic regeneration, sturdy frame 1, weakness stinger 1
a: no special abilities


You were on level 3 of the Dungeon.
You visited 1 branch of the dungeon, and saw 3 of its levels.

You collected 119 gold pieces.

Inventory:

Hand Weapons
 a - a +0 long sword (weapon)
Armour
 b - a +0 scale mail (worn)
 c - a +0 buckler (worn)
 h - a +0 pair of boots (worn)
 m - a +0 helmet (worn)
Jewellery
 n - a +6 ring of dexterity
Scrolls
 j - a scroll of vulnerability
Potions
 d - 2 potions of might
 e - 2 potions of cancellation
 g - a potion of brilliance {unknown}
 i - 3 potions of haste
 k - a potion of enlightenment {unknown}
 l - a potion of curing {unknown}


   Skills:
 + Level 3.3 Fighting
 + Level 2.7 Long Blades
 + Level 3.1 Armour
 + Level 1.1 Dodging
 + Level 0.1 Stealth
 + Level 3.2 Shields


You had 3 spell levels left.
You didn't know any spells.
Your spell library contained the following spells:

 Spells                   Type           Power      Damage    Failure   Level
 Ensorcelled Hibernation  Hex/Ice        0%         N/A       85%         2
 Passwall                 Erth           0%         N/A       97%         3
 Swiftness                Air            0%         N/A       97%         3


Dungeon Overview and Level Annotations

Branches:
Dungeon (3/15)

Altars:


Innate Abilities, Weirdness & Mutations

You regenerate magic rapidly.
Your movements are slightly less encumbered by armour. (ER -2)
You have a small tail.


Message History

The orc is severely wounded.
The bat hits you but does no damage. You block the orc's attack.
The orc hits you but does no damage.
The orc priest invokes the aid of Beogh against you.
Pain shoots through your body!
You completely miss the orc priest.
Your tail-slap misses the orc priest.
The orc priest is moderately wounded.
The bat completely misses you. The bat hits you but does no damage.
The orc barely misses you.
The orc priest looks satisfied for a moment.
You block the orc's attack.
You completely miss the orc priest. You tail-slap the orc priest.
The orc priest is moderately wounded.
The bat hits you but does no damage. You block the orc's attack.
The orc priest invokes the aid of Beogh against you.
You barely resist. The orc barely misses you.
You hit the orc priest.
The orc priest is heavily wounded.
The bat hits you but does no damage.
The orc hits you with a +1 flail of protection.
The orc priest hits you but does no damage.
The orc closely misses you.
The orc hits you with a +1 flail of protection.
The orc priest barely misses you. The orc hits you with a +0 short sword.
* * * LOW HITPOINT WARNING * * *
You hit the orc priest.
The orc priest is almost dead.
The bat barely misses you.
The orc hits you with a +1 flail of protection.
* * * LOW HITPOINT WARNING * * *
The orc priest looks encouraged for a moment.
The orc hits you with a +0 short sword.
* * * LOW HITPOINT WARNING * * *
You feel very mighty all of a sudden. The bat hits you but does no damage.
A ball python comes into view.
The orc closely misses you.
The orc priest invokes the aid of Beogh against you.
Beogh smites you!
You die...

####
#.#..####
..# # #...##
..# . #...#
..# .# ##..#
# #..# ##..#
##...# #
#..#b###.#
####
#..#o@!...#
...###
....#oo#####
.....#
##.:....#
.....#
#.#..#.#
....##
..##.#.#
....# #...#
...## ..#.#
...# S ...
...#


You could see an orc priest, 2 orcs, a bat and a ball python.

Vanquished Creatures
  4 adders
  A dart slug (D:1)
  A ribbon worm (D:2)
  An orc (D:3)
  9 bats
  6 endoplasms
  3 giant cockroaches
  4 hobgoblins
  A jackal (D:1)
  2 quokkas (D:1)
  6 ball pythons
  A frilled lizard (D:1)
  4 goblins
  4 kobolds
  2 rats
49 creatures vanquished.

Notes
Turn   | Place    | Note
-------+----------+-------------------------------------------
     0 | D:1      | Silvore the Demonspawn Fighter began the quest for the Orb.
     0 | D:1      | Reached XP level 1. HP: 18/18 MP: 1/1
   184 | D:1      | Gained mutation: You regenerate magic rapidly. [demonic
                  | ancestry]
   184 | D:1      | Reached XP level 2. HP: 24/24 MP: 2/2
   744 | D:1      | Gained mutation: Your movements are slightly less
                  | encumbered by armour. (ER -2) [demonic ancestry]
   744 | D:1      | Reached XP level 3. HP: 29/29 MP: 3/3
  1556 | D:2      | Gained mutation: You have a small tail. [demonic ancestry]
  1556 | D:2      | Reached XP level 4. HP: 26/35 MP: 4/4
  2007 | D:3      | Reached skill level 1 in Dodging
  2118 | D:3      | Killed from afar by an orc priest

Illustrated notes

Levels and vault maps discovered:
D:1:      minmay_arrival_plants_in_alcoves, layout_basic, serial_rivers,
          chequers_serial_rivers_small_3, chequers_serial_rivers_marsh,
          chequers_serial_rivers_micro_d, chequers_serial_rivers_micro_d,
          chequers_serial_rivers_room_a, chequers_serial_rivers_small_a,
          st_stairs_13, minmay_indecisive_spiral
D:2:      layout_loops_ring
D:3:      layout_rooms

Skill      XL: |  1  2  3  4 |
---------------+-------------+-----
Long Blades    | 2 |  2.7
Shields        | 3 |  3.2
Armour         | 3 |  3.1
Dodging        | 1 |  1.1
Fighting       | |  3.3
Stealth        | |  0.1

Action                     |  1- 3 |  4- 6 || total
---------------------------+-------+-------++-------
  Melee: Long sword        |   143 |    36 ||   179
         Tailslap          |       |     5 ||     5
    Use: Scroll            |     5 |     1 ||     6
         Potion            |       |     1 ||     1
 Armour: Scale mail        |   109 |    30 ||   139
  Dodge: Dodged            |    76 |    42 ||   118
  Block: Buckler           |    48 |    16 ||    64
